Workbook

Sheet SOMMAIRE
A2: SOMMAIRE
A3: Montage financier Appel de projets Pogramme d'aménagement durable des forêts 2024-2025
A7: TYPE DE DÉPENSES | B7: COÛT TOTAL
A8: RESSOURCES HUMAINES | B8: ='RESSOURCES HUMAINES'!E17 -> 0
A9: MATÉRIAUX | B9: =MATÉRIAUX!E17 -> 0
A10: MACHINERIE ET OUTILLAGE | B10: ='MACHINERIE ET OUTILLAGE'!E17 -> 0
A11: TRAVAUX SYLVICOLES | B11: ='TRAVAUX SYLVICOLES'!E17 -> 0
A12: TRANSPORT | B12: =TRANSPORT!E17 -> 0
A13: AUTRES FRAIS | B13: ='AUTRES FRAIS'!E17 -> 0
A14: FRAIS DE PROFESSIONNEL | B14: ='FRAIS DE PROFESSIONNEL'!E17 -> 0
A15: Sous-total | B15: =SUM(B8:B14) -> 0
A16: Total TPS
A17: Total TVQ
A18: Taxe admissible au PADF
A20: Total admissible au PADF | B20: =SUM(B15,B18) -> 0
A22: Contribution PADF: | C22: Contribution du promoteur:
A25: Explication du calcul des taxes dans le montage financier Le montage financier présente les dépenses du projet selon les montants avant taxes, suivis du calcul des taxes applicables et des taxes admissibles au financement. Sous-total : représente la somme de toutes les dépenses admissibles du projet avant l’application des taxes (TPS et TVQ). Total TPS : correspond au montant total de la taxe sur les produits et services (TPS) payé par le promoteur sur l’ensemble des dépenses inscrites au montage financier. Total TVQ : correspond au montant total de la taxe de vente du Québec (TVQ) payé par le promoteur sur l’ensemble des dépenses inscrites au montage financier. Taxes admissibles au PADF : représente la portion des taxes (TPS et TVQ) pour laquelle le bénéficiaire n’est pas admissible à un remboursement ou à un crédit de taxe auprès des autorités fiscales. Seule cette portion peut être considérée comme une dépense admissible dans le cadre du financement du projet. Ainsi, lorsque le promoteur bénéficie d’un remboursement partiel ou complet des taxes, seule la portion non remboursable des taxes est incluse dans les dépenses admissibles du projet.
A27: Les frais de gestion du projet et de supervision professionnelle peuvent être regroupés jusqu'à concurrence de 20 % du coût total du projet, desquels les frais de gestion du projet ne peuvent dépasser 5 % .

Sheet RESSOURCES HUMAINES
A1: Description | B1: Coût unitaire ($) | C1: Unité | D1: Nombre d'unités | E1: Total avant tx ($) | F1: Numéro de facture | G1: Numéro de chèque / paiement
E2: =B2*D2 -> 0
E3: =B3*D3 -> 0
E4: =B4*D4 -> 0
E5: =B5*D5 -> 0
E6: =B6*D6 -> 0
E7: =B7*D7 -> 0
E8: =B8*D8 -> 0
E9: =B9*D9 -> 0
E10: =B10*D10 -> 0
E11: =B11*D11 -> 0
E12: =B12*D12 -> 0
E13: =B13*D13 -> 0
... E16: =B16*D16 -> 0
A17: TOTAL | E17: =SUM(E2:E16) -> 0

Sheet MATÉRIAUX
A1: Description | B1: Coût unitaire ($) | C1: Unité | D1: Nombre d'unités | E1: Total avant tx ($) | F1: Numéro de facture | G1: Numéro de chèque / paiement
E2: =B2*D2 -> 0
E3: =B3*D3 -> 0
E4: =B4*D4 -> 0
E5: =B5*D5 -> 0
E6: =B6*D6 -> 0
E7: =B7*D7 -> 0
E8: =B8*D8 -> 0
E9: =B9*D9 -> 0
E10: =B10*D10 -> 0
E11: =B11*D11 -> 0
E12: =B12*D12 -> 0
E13: =B13*D13 -> 0
... E16: =B16*D16 -> 0
A17: TOTAL | E17: =SUM(E2:E16) -> 0

Sheet MACHINERIE ET OUTILLAGE
A1: Description | B1: Coût unitaire ($) | C1: Unité | D1: Nombre d'unités | E1: Total ($) | F1: Numéro de facture | G1: Numéro de chèque / paiement
E2: =B2*D2 -> 0
E3: =B3*D3 -> 0
E4: =B4*D4 -> 0
E5: =B5*D5 -> 0
E6: =B6*D6 -> 0
E7: =B7*D7 -> 0
E8: =B8*D8 -> 0
E9: =B9*D9 -> 0
E10: =B10*D10 -> 0
E11: =B11*D11 -> 0
E12: =B12*D12 -> 0
E13: =B13*D13 -> 0
... E16: =B16*D16 -> 0
A17: TOTAL | E17: =SUM(E2:E16) -> 0

Sheet TRAVAUX SYLVICOLES
A1: Description | B1: Coût unitaire ($) | C1: Unité | D1: Nombre d'unités | E1: Total ($) | F1: Numéro de facture | G1: Numéro de chèque / paiement
E2: =B2*D2 -> 0
E3: =B3*D3 -> 0
E4: =B4*D4 -> 0
E5: =B5*D5 -> 0
E6: =B6*D6 -> 0
E7: =B7*D7 -> 0
E8: =B8*D8 -> 0
E9: =B9*D9 -> 0
E10: =B10*D10 -> 0
E11: =B11*D11 -> 0
E12: =B12*D12 -> 0
E13: =B13*D13 -> 0
... E16: =B16*D16 -> 0
A17: TOTAL | E17: =SUM(E2:E16) -> 0

Sheet TRANSPORT
A1: Description | B1: Coût unitaire ($) | C1: Unité | D1: Nombre d'unités | E1: Total ($) | F1: Numéro de facture | G1: Numéro de chèque / paiement
E2: =B2*D2 -> 0
E3: =B3*D3 -> 0
E4: =B4*D4 -> 0
E5: =B5*D5 -> 0
E6: =B6*D6 -> 0
E7: =B7*D7 -> 0
E8: =B8*D8 -> 0
E9: =B9*D9 -> 0
E10: =B10*D10 -> 0
E11: =B11*D11 -> 0
E12: =B12*D12 -> 0
E13: =B13*D13 -> 0
... E16: =B16*D16 -> 0
A17: TOTAL | E17: =SUM(E2:E16) -> 0

Sheet AUTRES FRAIS
A1: Description | B1: Coût unitaire ($) | C1: Unité | D1: Nombre d'unités | E1: Total ($) | F1: Numéro de facture | G1: Numéro de chèque / paiement
E2: =B2*D2 -> 0
E3: =B3*D3 -> 0
E4: =B4*D4 -> 0
E5: =B5*D5 -> 0
E6: =B6*D6 -> 0
E7: =B7*D7 -> 0
E8: =B8*D8 -> 0
E9: =B9*D9 -> 0
E10: =B10*D10 -> 0
E11: =B11*D11 -> 0
E12: =B12*D12 -> 0
E13: =B13*D13 -> 0
... E16: =B16*D16 -> 0
A17: TOTAL | E17: =SUM(E2:E16) -> 0

Sheet FRAIS DE PROFESSIONNEL
A1: Description | B1: Coût unitaire ($) | C1: Unité | D1: Nombre d'unités | E1: Total ($) | F1: Numéro de facture | G1: Numéro de chèque / paiement
E2: =B2*D2 -> 0
E3: =B3*D3 -> 0
E4: =B4*D4 -> 0
E5: =B5*D5 -> 0
E6: =B6*D6 -> 0
E7: =B7*D7 -> 0
E8: =B8*D8 -> 0
E9: =B9*D9 -> 0
E10: =B10*D10 -> 0
E11: =B11*D11 -> 0
E12: =B12*D12 -> 0
E13: =B13*D13 -> 0
... E16: =B16*D16 -> 0
A17: TOTAL | E17: =SUM(E2:E16) -> 0
